 Dungeon Crawl Stone Soup version 0.18-a0-1577-gf591c28 (webtiles) character file.

98 M4edhros the Sneak (level 4, -4/28 HPs)
             Began as an Octopode Artificer on Mar 19, 2016.
             Slain by a worm (16 damage)
             ... on level 3 of the Dungeon.
             The game lasted 00:02:44 (2614 turns).

M4edhros the Sneak (Octopode Artificer)             Turns: 2614, Time: 00:02:44

Health: -4/28      AC:  1    Str: 10    XL:     4   Next: 71%
Magic:  6/6        EV: 13    Int: 16    God:
Gold:   87         SH:  0    Dex: 13    Spells: 0 memorised, 3 levels left

rFire  + . .     SeeInvis .     p - +0 dagger (speed)
rCold  x . .     Gourm    .     (no shield)
rNeg   . . .     Faith    .     (helmet restricted)
rPois  .         Spirit   .     (no amulet)
rElec  .         Dismiss  .     i - +2 ring of intelligence
rCorr  .         Reflect  .     e - ring of fire
SustAt .         Harm     .     (no ring)
MR     .....                    (no ring)
Stlth  ++++......               (no ring)
                                (no ring)
                                (no ring)
                                (no ring)

@: not resistant to hostile enchantments, stealthy
A: almost no armour, amphibious, 8 rings, constrict 8, camouflage 1, gelatinous
body 1
a: no special abilities


You were on level 3 of the Dungeon.
You were not hungry.

You visited 1 branch of the dungeon, and saw 3 of its levels.

You collected 87 gold pieces.

Inventory:

Hand Weapons
 a - a +0 short sword
 p - a +0 dagger of speed (weapon)
 u - a +0 hunting sling
Missiles
 g - 16 sling bullets
 h - 45 stones (quivered)
Jewellery
 e - a ring of fire (right tentacle)
 i - a +2 ring of intelligence (left tentacle)
Wands
 b - a wand of flame (11/48)
 c - a wand of enslavement (15/24)
 d - a wand of random effects (15/48)
Scrolls
 l - a scroll of identify {unknown}
 q - 3 scrolls of amnesia {unknown}
 r - a scroll of random uselessness {unknown}
 t - a scroll of remove curse {unknown}
Potions
 m - a potion of flight
 s - a potion of magic {unknown}
Comestibles
 f - a bread ration
 j - 2 beef jerkies
 k - a fruit
 n - a slice of pizza
 o - a meat ration


   Skills:
 - Level 1.0 Fighting
 - Level 1.0 Short Blades
 * Level 0.6 Slings
 + Level 3.1 Dodging
 + Level 5.0 Stealth
 - Level 3.2 Evocations


You had 3 spell levels left.
You didn't know any spells.

Dungeon Overview and Level Annotations

Branches:
Dungeon (3/15)

Altars:
Nemelex Xobeh
Trog


Innate Abilities, Weirdness & Mutations

You cannot wear most types of armour.
You are amphibious.
You can wear up to eight rings at the same time.
You can use your tentacles to constrict eight enemies at once.
Your skin changes colour to match your surroundings (Stealth).
Your rubbery body absorbs attacks (AC +1).


Message History

You hit the rat but do no damage. You constrict the rat. The rat bites you.
You hit the rat.
The rat is almost dead.
You constrict the rat, but do no damage.
The rat barely misses you. The rat bites you.
You barely miss the rat.
The rat is almost dead.
You constrict the rat.
You kill the rat!
You hit the worm. You grab the worm. You squeeze the worm, but do no damage.
The worm is lightly wounded.
You constrict the worm. The worm bites you!
You hit the worm.
The worm is lightly wounded.
You constrict the worm. You hit the worm.
The worm is moderately wounded.
You constrict the worm. The worm bites you!
Ouch! That really hurt!
You die...

###....###.#
##.......##.##
#.).......#..#
##....#....##.#
#)...###...##.#
#.._r#y#......#
#..w.###...####
#)w..#....#
#)..w@....#
##.......##
###....##
######


You could see a moth of wrath, 3 worms and a rat.

Vanquished Creatures
  Robin (D:2)
  An adder (D:2)
  2 oozes (D:2)
  A worm (D:2)
  A dart slug (D:1)
  3 giant geckos
  A ball python (D:1)
  A giant cockroach (D:2)
  10 goblins
  11 hobgoblins
  8 kobolds
  A quokka (D:2)
  9 bats
  11 rats
61 creatures vanquished.

Notes
Turn   | Place    | Note
--------------------------------------------------------------
     0 | D:1      | M4edhros the Octopode Artificer began the quest for the Orb.
     0 | D:1      | Reached XP level 1. HP: 13/13 MP: 3/3
    50 | D:1      | Reached skill level 2 in Stealth
   140 | D:1      | Reached XP level 2. HP: 1/18 MP: 4/4
   564 | D:1      | Reached skill level 3 in Stealth
  1071 | D:1      | Reached XP level 3. HP: 14/23 MP: 5/5
  1402 | D:2      | Reached skill level 4 in Stealth
  1484 | D:2      | Noticed Robin
  1507 | D:2      | Reached XP level 4. HP: 9/28 MP: 6/6
  1713 | D:2      | Found a sparkling altar of Nemelex Xobeh.
  2102 | D:2      | Killed Robin
  2431 | D:2      | Reached skill level 5 in Stealth
  2600 | D:3      | Noticed a moth of wrath
  2603 | D:3      | Found a bloodstained altar of Trog.
  2614 | D:3      | Slain by a worm

Vault maps used:
D:1:      dpeg_arrival_central
D:2:      nemelex_deck, uniq_robin
D:3:      old_standard_altar, tgw_trog, overflow_temple_1_default,
          minmay_goblin_outpost

Skill      XL: |  1  2  3  4 |
---------------+-------------+-----
Stealth        | 2 3 4 5 |  5.0
Dodging        | 3 |  3.1
Fighting       | |  1.0
Short Blades   | |  1.0
Slings         | |  0.6
Evocations     | |  3.2

Action                   |  1- 3 |  4- 6 || total
-------------------------+-------+-------++-------
Melee: Short sword       |    71 |       ||    71
       Dagger            |       |    59 ||    59
       Unarmed           |       |    29 ||    29
Evoke: Wand              |     2 |     2 ||     4
  Use: Potion            |     2 |       ||     2
       Scroll            |     2 |       ||     2
 Stab: Sleeping          |     8 |     9 ||    17
  Eat: Chunk             |     2 |     3 ||     5
